cohdb
Replays
Latest Replays
All Replays
Popular Replays
Top Player Replays
Match Explorer
How It Works
Community
CoH3 Stats
Reddit
Sign in to upload your games and track your stats! →
Sign in with Steam
Match 35345353
Unlisted
Match 35345353
Overview
Messages
Build Orders
End
Construct Barracks
Engineer Squad
Riflemen Squad
M1 Mortar Team
Riflemen Squad
Construct Weapon Support Center
M1919 Machine Gun Team
Selects Advanced Infantry Battlegroup
Selects Artillery Observers
Grenade Package
Construct Medical Station
Air Support Center
Selects Convert to Ranger Squad
Convert to Ranger Squad
P-47 Strafing Run
M3 Armored Personnel Carrier
M1918 Browning Automatic Rifles
Grasshopper Recon Run
Construct Motor Pool
M3 Armored Personnel Carrier
Selects Designate Assault Position
P-47 Strafing Run
Grasshopper Recon Run
M8 Greyhound Armored Car
Engineer Squad
Construct Tank Depot
Selects Infantry Assault
M1 Anti-tank Gun Team
Infantry Assault
Grasshopper Recon Run
P-47 Dive Bomb
Engineer Squad
Riflemen Squad
AI Takeover
Sniper Ste
BlackStormIV
mroffler86
asinuss
Darth Fader
s73r01d
Immer nach vorn
KikiSauvage
0
0
Comments
sign in to comment!
No comments posted yet!